 Dungeon Crawl Stone Soup version 0.18.1-48-g4cf74bf (webtiles) character file.

114 GFox the Shield-Bearer (level 4, -4/40 HPs)
             Began as a Minotaur Fighter on July 20, 2016.
             Slain by Sigmund
             ... wielding a +0 scythe
              (8 damage)
             ... on level 2 of the Dungeon.
             The game lasted 00:07:12 (1592 turns).

GFox the Shield-Bearer (Minotaur Fighter)           Turns: 1592, Time: 00:07:12

Health: -4/40      AC:  8    Str: 22    XL:     4   Next: 67%
Magic:  3/3        EV:  8    Int:  5    God:
Gold:   106        SH: 10    Dex:  9    Spells: 0 memorised, 3 levels left

rFire  + . .     SeeInvis .     a - +0 war axe
rCold  + . .     Gourm    .     b - +0 scale mail
rNeg   . . .     Faith    .     c - +0 shield
rPois  +         Spirit   .     (helmet restricted)
rElec  +         Dismiss  .     (no cloak)
rCorr  +         Reflect  .     (no gloves)
SustAt .         Harm     .     g - +0 pair of boots
MR     .....                    (no amulet)
Stlth  ..........               (no ring)
                                (no ring)

@: resistant, not resistant to hostile enchantments, extremely unstealthy
A: retaliatory headbutt, horns 2
a: no special abilities


You were on level 2 of the Dungeon.
You were not hungry.

You visited 1 branch of the dungeon, and saw 2 of its levels.

You collected 106 gold pieces.

Inventory:

Hand Weapons
 a - a +0 war axe (weapon)
Armour
 b - a +0 scale mail (worn)
 c - a +0 shield (worn)
 g - a +0 pair of boots (worn)
Jewellery
 p - an uncursed amulet of guardian spirit {unknown}
Scrolls
 e - 2 scrolls of remove curse {unknown}
 j - a scroll of fog {unknown}
 k - 4 scrolls of identify {unknown}
 l - a scroll of immolation {unknown}
 o - a scroll of random uselessness {unknown}
Potions
 d - a potion of might
Comestibles
 f - 2 bread rations
 m - 2 chunks of flesh


   Skills:
 + Level 4.1 Fighting
 + Level 2.9 Axes
 + Level 4.4 Armour
 + Level 1.6 Dodging
 + Level 5.0 Shields


You had 3 spell levels left.
You didn't know any spells.

Dungeon Overview and Level Annotations

Branches:
Dungeon (2/15)

Altars:
Kikubaaqudgha
Trog

Annotations:
D:2 Sigmund


Innate Abilities, Weirdness & Mutations

You reflexively headbutt those who attack you in melee.
You have a pair of horns on your head.


Message History

You feel less confused.
Sigmund gestures wildly while chanting.
Sigmund flickers and vanishes!
Deactivating autopickup; reactivate with Ctrl-A.
You barely miss something. You headbutt something. Something hits you.
You closely miss something. Something hits you!
* * * LOW HITPOINT WARNING * * *
You miss something. You headbutt something.
Something hits you but does no damage.
Drink which item? (? for menu, Esc to quit)
It was a potion of resistance.
You feel protected.
You hear some strange, mumbled words.
A puff of flame appears from out of thin air!
The puff of flame hits you! You resist.
* * * LOW HITPOINT WARNING * * *
Drink which item? (? for menu, Esc to quit)
It was a potion of cure mutation.
It has a very clean taste.
Something hits you!
You die...

# # # #...# # #>..#
### #....
..###########..#
#..............#
#..............###
#P...........#..@###
.P)..####.##....{..#
.))..# #....###.#.#
.)...######### ..#.#
.).........# ### #
P..........#
...........#
...........#
...#########


There were no monsters in sight!

Vanquished Creatures
  5 gnolls
  2 adders (D:2)
  An ooze (D:1)
  A dart slug (D:1)
  A giant gecko (D:2)
  2 giant cockroaches
  7 goblins
  5 hobgoblins
  A jackal (D:1)
  2 kobolds
  A quokka (D:2)
  7 bats
  3 giant newts
  2 rats (D:1)
40 creatures vanquished.

Notes
Turn   | Place    | Note
--------------------------------------------------------------
     0 | D:1      | GFox the Minotaur Fighter began the quest for the Orb.
     0 | D:1      | Reached XP level 1. HP: 19/19 MP: 0/0
   125 | D:1      | Reached XP level 2. HP: 24/27 MP: 1/1
   232 | D:1      | Reached skill level 4 in Shields
   783 | D:1      | Reached XP level 3. HP: 33/33 MP: 2/2
  1134 | D:2      | Found a bloodstained altar of Trog.
  1251 | D:2      | Reached skill level 1 in Dodging
  1262 | D:2      | Found an ancient bone altar of Kikubaaqudgha.
  1280 | D:2      | Reached XP level 4. HP: 37/40 MP: 3/3
  1289 | D:2      | Reached skill level 5 in Shields
  1579 | D:2      | Noticed Sigmund
  1592 | D:2      | Slain by Sigmund

Skill      XL: |  1  2  3  4 |
---------------+-------------+-----
Armour         | 4 |  4.4
Shields        | 4 5 |  5.0
Dodging        | 1 |  1.6
Fighting       | 4 |  4.1
Axes           | |  2.9

Action                   |  1- 3 |  4- 6 || total
-------------------------+-------+-------++-------
Melee: War axe           |    80 |    12 ||    92
       Headbutt          |    10 |     2 ||    12
  Use: Potion            |       |     4 ||     4
  Eat: Chunk             |     1 |     2 ||     3
Armor: Scale mail        |    53 |     9 ||    62
Dodge: Dodged            |    41 |     8 ||    49
Block: Shield            |    67 |     9 ||    76
